 Dungeon Crawl Stone Soup version 0.27-a0-676-gc1da3516c2 (webtiles) character file.

Game seed: 16084072478184050712

159 Gaff the Shooter (level 5, -5/27 HPs)
             Began as a Spriggan Hunter on Mar 18, 2021.
             Was an Initiate of Nemelex Xobeh.
             Slain by an orc
             ... wielding a +0 short sword
              (6 damage)
             ... on level 3 of the Dungeon.
             The game lasted 00:14:44 (5928 turns).

Gaff the Shooter (Spriggan Hunter)                  Turns: 5928, Time: 00:14:46

Health: -5/27      AC:  3    Str:  8    XL:     5   Next: 17%
Magic:  6/6        EV: 18    Int: 13    God:    Nemelex Xobeh [......]
Gold:   152        SH:  5    Dex: 16    Spells: 4/4 levels left

rFire    . . .     SeeInvis +   b - +1 dagger (speed)
rCold    . . .     Faith    .   (shield restricted)
rNeg     . . .     Spirit   .   c - +0 robe
rPois    +         Reflect  +   (helmet restricted)
rElec    .         Harm     .   y - +0 cloak
rCorr    .         Rampage  .   (gloves unavailable)
Will     .....                  (boots unavailable)
Stlth    +++.......             s - amulet of reflection
HPRegen  0.09/turn              t - ring of poison resistance
MPRegen  0.10/turn              (no ring)

@: lethally poisoned (-5 -> -13), very quick
A: very small, no large weapons, unfitting armour, see invisible, speed 3
a: Renounce Religion, Draw Escape, Draw Destruction, Draw Summoning


You were on level 3 of the Dungeon.
You worshipped Nemelex Xobeh.
Nemelex Xobeh was noncommittal.
You visited 1 branch of the dungeon, and saw 4 of its levels.

You collected 152 gold pieces.

Inventory:

Hand Weapons
 a - a +1 shortbow
 b - a +1 dagger of speed (weapon)
 l - a +0 short sword
 n - a +0 hunting sling
Missiles
 d - 38 arrows
 i - 80 stones (quivered)
 w - 22 poisoned darts
Armour
 c - a +0 robe (worn)
 y - a +0 cloak (worn)
Jewellery
 j - a ring of fire
 s - an amulet of reflection (around neck)
 t - a ring of poison resistance (right hand)
Wands
 u - a wand of charming (9)
Scrolls
 e - 7 scrolls of identify {unknown}
 g - a scroll of silence {unknown}
 m - a scroll of amnesia {unknown}
 o - a scroll of enchant weapon {unknown}
 p - 2 scrolls of fog {unknown}
 v - a scroll of holy word {unknown}
 x - a scroll of teleportation {unknown}
Potions
 f - a potion of ambrosia {unknown}
 h - a potion of heal wounds {unknown}
 k - a potion of magic {unknown}
 q - a potion of lignification {unknown}
 r - a potion of mutation {unknown}


   Skills:
 + Level 2.3 Fighting
 * Level 6.2 Bows
 + Level 4.0 Dodging
 + Level 3.6 Stealth
 + Level 0.0 Invocations
 + Level 0.4 Evocations


You had 4 spell levels left.
You didn't know any spells.
Your spell library contained the following spells:

 Spells                   Type           Power      Damage    Failure   Level
 Confusing Touch          Hex            0%         N/A       67%         3
 Gell's Gravitas          Tloc           0%         N/A       67%         3
 Petrify                  Tmut/Erth      0%         N/A       97%         4
 Metabolic Englaciation   Hex/Ice        0%         N/A       100%        5
 Yara's Violent Unravell  Hex/Tmut       0%         3d3       100%        5


Dungeon Overview and Level Annotations

Branches:
Dungeon (4/15)
 Temple: D:4-7

Altars:
Nemelex Xobeh
Qazlal
Ru
Wu Jian

Annotations:
D:4 Dowan, Duvessa


Innate Abilities, Weirdness & Mutations

You are very small and have problems with some larger weapons.
You are too small for most types of armour.
You have supernaturally acute eyesight. (SInv)
You cover ground extremely quickly. (Speed+++)


Message History

The orc completely misses you. The worker ant bites you! The orc misses you.
There is a stone staircase leading up, spattered with blood here.
The worker ant barely misses you. The orc closely misses you.
You climb upwards.
There is a stone staircase leading down here.
Your hands tingle!
b - a +1 dagger of speed (weapon)
The worker ant barely misses you.
You barely miss the orc. The orc completely misses you.
You block the worker ant's attack.
You hit the orc.
The orc is moderately wounded.
You block the worker ant's attack. The orc barely misses you.
You hit the orc but do no damage.
The orc is moderately wounded.
You hit the orc.
The orc is almost dead.
The worker ant bites you.
You are poisoned.
The worker ant poisons you! The orc completely misses you.
You barely miss the orc.
The orc is almost dead.
You feel sick. The worker ant bites you.
* * * LOW HITPOINT WARNING * * *
The orc hits you but does no damage.
You hit the orc but do no damage.
The orc is almost dead.
You feel sick. The worker ant bites you.
* * * LOW HITPOINT WARNING * * *
You hit the orc but do no damage.
The orc is almost dead.
The orc completely misses you.
You closely miss the orc.
The orc is almost dead.
* * * LOW HITPOINT WARNING * * *
You feel sick. The worker ant bites you!
* * * LOW HITPOINT WARNING * * *
The orc hits you with a +0 short sword.
You die...
Your body disappears without a glow.

##### ##...#####
##.†......#
####.......#.#
...........#^#
####.......#.######
##......#...B@.#
##...#.#.####o# ##.##.#.#
#.# #.##.#.# #.# #.##.#.#
#.############# ###
#......####..........>..#
..#
####............#######.#
#.########...########.#
#.# #............# #.#
#.#


You could see a worker ant and an orc.

Vanquished Creatures
  An orc wizard (D:2)
  4 adders
  An ooze (D:3)
  4 dart slugs
  6 leopard geckos
  3 orcs
  3 giant cockroaches
  10 goblins
  5 hobgoblins
  9 jackals
  3 quokkas
  2 ball pythons
  8 bats
  5 frilled lizards
  4 kobolds
  7 rats
75 creatures vanquished.

Notes
Turn   | Place    | Note
-------+----------+-------------------------------------------
     0 | D:1      | Gaff the Spriggan Hunter began the quest for the Orb.
     0 | D:1      | Reached XP level 1. HP: 10/10 MP: 2/2
    60 | D:1      | Reached skill level 5 in Bows
   171 | D:1      | Reached XP level 2. HP: 4/15 MP: 3/3
  1700 | D:2      | Reached XP level 3. HP: 14/18 MP: 4/4
  2848 | D:2      | Reached XP level 4. HP: 23/23 MP: 5/5
  2864 | D:2      | Found a sparkling altar of Nemelex Xobeh.
  2868 | D:2      | Became a worshipper of Nemelex Xobeh the Trickster
  3777 | D:3      | Found a sacrificial altar of Ru.
  4306 | D:2      | Reached skill level 6 in Bows
  4696 | D:3      | Reached XP level 5. HP: 23/27 MP: 6/6
  4960 | D:3      | Found an ornate altar of the Wu Jian Council.
  4970 | D:3      | Found a stormy altar of Qazlal.
  5407 | D:4      | Noticed Dowan
  5411 | D:4      | Noticed Duvessa
  5928 | D:3      | HP: 1/27 [worker ant (8)]
  5928 | D:3      | Slain by an orc

Illustrated notes

Levels and vault maps discovered:
D:1:      minmay_arrival_up_and_down, layout_loops_ring,
          hangedman_abyss_or_decor_lesser_grid
D:2:      minmay_wonky_spiral, layout_loops_ring, nemelex_diamond_rough_becter
D:3:      layout_loops_ring, amethyst_overflow_temple_binary,
          minmay_misc_feat_roman, nicolae_ru_great_annihilating_truth
D:4:      layout_loops_ring, general_overflow_altar,
          eino_small_chamber_without_monster, uniq_duvessa

Skill      XL: |  1  2  3  4 |
---------------+-------------+-----
Bows           | 5 6 |  6.2
Stealth        | 2 3 |  3.6
Dodging        | 3 4 |  4.0
Fighting       | 2 |  2.3
Evocations     | |  0.4

Action                   |  1- 3 |  4- 6 || total
-------------------------+-------+-------++-------
Melee: Short sword       |    56 |       ||    56
       Dagger            |   185 |   232 ||   417
 Fire: Shortbow          |    14 |    16 ||    30
 Stab: Sleeping          |     6 |     7 ||    13
       Paralysed         |       |     1 ||     1
Armor: Robe              |    26 |     9 ||    35
Dodge: Dodged            |   168 |   110 ||   278
Block: Other             |       |    35 ||    35

Table legend: (Time is in decaauts)
 A = Elapsed time spent in this place.
 B = Non-inter-level travel time spent in this place.
 C = Inter-level travel time spent in this place.
 D = Time resting spent in this place.
 E = Time spent auto-exploring this place.
 F = Levels seen in this place.
 G = Mean time per level.
                   A        B        C        D        E       F      G
               +--------+--------+--------+--------+--------+-----+--------+
         Total |   4623 |   4440 |    183 |   2268 |    968 |   4 | 1155.8 |
       Dungeon |   4623 |   4440 |    183 |   2268 |    968 |   4 | 1155.8 |
               +--------+--------+--------+--------+--------+-----+--------+

Top non-repeatable levels by time:
     D:1: 1835 daAuts
     D:2: 1464 daAuts
     D:3: 1266 daAuts
     D:4: 57 daAuts
